 Dungeon Crawl Stone Soup version 0.25.1-2-g60ff931df9 (webtiles) character file.

Game seed: 4720254834840281736

205 Erymatos the Chopper (level 5, -4/70 HPs)
             Began as a Minotaur Berserker on Oct 31, 2020.
             Was a Believer of Trog.
             Slain by a wight
             ... wielding a +3 battleaxe
              (8 damage)
             ... on level 3 of the Dungeon.
             The game lasted 00:03:20 (2244 turns).

Erymatos the Chopper (Minotaur Berserker)           Turns: 2244, Time: 00:03:21

Health: -4/70      AC:  5    Str: 23    XL:     5   Next: 53%
Magic:  4/4        EV: 12    Int:  4    God:    Trog [**....]
Gold:   129        SH:  0    Dex:  9    Spells: 4/4 levels left

rFire    . . .     SeeInvis .   a - +0 hand axe
rCold    . . .     Gourm    .   (no shield)
rNeg     . . .     Faith    .   m - +0 ring mail
rPois    .         Spirit   .   (helmet restricted)
rElec    .         Reflect  .   (no cloak)
rCorr    .         Harm     .   (no gloves)
MR       .....                  (no boots)
Stlth    ..........             (no amulet)
HPRegen  0.21/turn              (no ring)
MPRegen  0.09/turn              (no ring)

@: berserking (expiring), lightly drained, very quick
A: retaliatory headbutt, horns 2
a: Berserk, Trog's Hand, Renounce Religion


You were on level 3 of the Dungeon.
You worshipped Trog.
Trog was pleased with you.
You were very hungry.

You visited 1 branch of the dungeon, and saw 3 of its levels.

You collected 129 gold pieces.

Inventory:

Hand Weapons
 a - a +0 hand axe (weapon)
Armour
 b - a +0 animal skin
 m - a +0 ring mail (worn)
Scrolls
 e - a scroll of amnesia {unknown}
 f - a scroll of magic mapping {unknown}
 g - 2 scrolls of identify {unknown}
 i - 3 scrolls of teleportation {unknown}
 j - a scroll of enchant armour {unknown}
 k - a scroll of fear {unknown}
Potions
 d - 3 potions of curing {unknown}
 h - a potion of haste {unknown}
Comestibles
 c - 7 rations
 l - 10 chunks of flesh


   Skills:
 + Level 4.9(4.6) Fighting
 + Level 5.5(5.2) Axes
 + Level 3.3(3.0) Armour
 + Level 3.6(3.3) Dodging


You had 4 spell levels left.
You didn't know any spells.
Your spell library was empty.

Dungeon Overview and Level Annotations

Branches:
Dungeon (3/15)

Altars:


Innate Abilities, Weirdness & Mutations

You reflexively headbutt those who attack you in melee.
You have a pair of horns on your head.


Message History

You closely miss the wight. You closely miss the wight. You headbutt the wight.
You destroy the wight!
Trog accepts your kill.
You barely miss the wight.
The wight is moderately damaged.
Unknown command.
You slash the wight!
The wight is severely damaged.
You hit the wight.
Unknown command.
You barely miss the wight.
The wight is severely damaged.
You closely miss the wight.
The wight hits you with a +0 dire flail.
* * * LOW HITPOINT WARNING * * *
You feel drained.
* * * LOW HITPOINT WARNING * * *
The wight hits you with a +3 battleaxe!
You die...

# #........ ##.......
.#........ ## .........#
.######. .<.......######
..........
..............##..........
....%...)#................
......z.#@..........[.....
........zz.......########.
..=.....#.....<...##......
........................(.
........##.......#####....
....(...##.......)...(#...
........##......#.......##
........##......###.#.#..#
....... #####.## #.#.....


You could see 2 wights.

Vanquished Creatures
  3 wights (D:3)
  2 adders (D:2)
  A dart slug (D:2)
  8 bats
  2 giant cockroaches (D:3)
  7 hobgoblins
  11 jackals
  A ball python (D:1)
  4 frilled lizards
  5 goblins
  9 kobolds
  8 rats
61 creatures vanquished.

Notes
Turn   | Place    | Note
-------+----------+-------------------------------------------
     0 | D:1      | Erymatos the Minotaur Berserker began the quest for the
                  | Orb.
     0 | D:1      | Reached XP level 1. HP: 19/19 MP: 0/0
    99 | D:1      | Reached XP level 2. HP: 10/27 MP: 1/1
   101 | D:1      | Reached skill level 4 in Axes
   417 | D:1      | Reached ** piety under Trog
   719 | D:1      | Reached XP level 3. HP: 32/33 MP: 2/2
  2035 | D:3      | Reached XP level 4. HP: 41/41 MP: 3/3
  2236 | D:3      | Reached skill level 5 in Axes
  2240 | D:3      | Reached XP level 5. HP: 6/47 MP: 4/4
  2244 | D:3      | Slain by a wight

Illustrated notes

Levels and vault maps discovered:
D:1:      ebering_hopf_link, layout_loops_ring, st_stairs_8
D:2:      layout_loops_corners
D:3:      layout_rooms

Skill      XL: |  1  2  3  4 |
---------------+-------------+-----
Axes           | 4 5 |  5.5
Fighting       | 4 |  4.9
Armour         | 3 |  3.3
Dodging        | 3 |  3.6

Action                   |  1- 3 |  4- 6 || total
-------------------------+-------+-------++-------
Melee: Hand axe          |    86 |    39 ||   125
       Headbutt          |    13 |     6 ||    19
Invok: Berserk           |       |     1 ||     1
 Stab: Sleeping          |     1 |       ||     1
  Eat: Chunk             |     3 |     1 ||     4
Armor: Animal skin       |    17 |       ||    17
       Ring mail         |     4 |    17 ||    21
Dodge: Dodged            |    60 |    31 ||    91
